 Dungeon Crawl Stone Soup version 0.29.1-2-gbd0b4ee654 (webtiles) character file.

Game seed: 14359522895548893818

58 BlackCrag the Cudgeller (level 3, 0/51 HPs)
             Began as a Minotaur Berserker on Oct 29, 2022.
             Was a Believer of Trog.
             Slain by Sigmund
             ... wielding a +0 scythe
              (7 damage)
             ... on level 2 of the Dungeon.
             The game lasted 00:04:44 (1671 turns).

BlackCrag the Cudgeller (Minotaur Berserker)        Turns: 1671, Time: 00:04:45

Health: 0/51       AC:  5    Str: 23    XL:     3   Next: 75%
Magic:  2/2        EV:  8    Int:  4    God:    Trog [**....]
Gold:   123        SH:  0    Dex:  9    Spells: 2/2 levels left

rFire   . . .      SeeInvis .   a - +0 mace
rCold   + . .      Faith    .   (no shield)
rNeg    . . .      Spirit   .   g - +0 ring mail
rPois   .          Reflect  .   (helmet restricted)
rElec   .          Harm     .   (no cloak)
rCorr   .          Rampage  .   (no gloves)
Will    .....                   (no boots)
Stlth   ..........              (no amulet)
HPRegen 0.17/turn               b - ring of protection from cold
MPRegen 0.08/turn               (no ring)

@: berserking (expiring), grasped by roots, constricted, very quick
A: horns 2, retaliatory headbutt
a: Renounce Religion, Berserk, Trog's Hand


You were on level 2 of the Dungeon.
You worshipped Trog.
Trog was pleased with you.
You visited 1 branch of the dungeon, and saw 2 of its levels.

You collected 123 gold pieces.

Inventory:

Hand Weapons
 a - a +0 mace (weapon)
Missiles
 e - 5 boomerangs (quivered)
Armour
 g - a +0 ring mail (worn)
Jewellery
 b - a ring of protection from cold (left hand)
Scrolls
 c - a scroll of fear
 d - a scroll of identify
 f - a scroll of blinking {unknown}
 h - a scroll of teleportation {unknown}
 j - a scroll of noise {unknown}
Potions
 i - a potion of haste {unknown}


   Skills:
 + Level 4.3 Fighting
 + Level 4.4 Maces & Flails
 + Level 2.9 Armour
 + Level 2.6 Dodging
 + Level 0.6 Stealth


You had 2 spell levels left.
You didn't know any spells.
Your spell library was empty.

Dungeon Overview and Level Annotations

Branches:
Dungeon (2/15)

Altars:
Qazlal

Annotations:
D:2 Sigmund


Innate Abilities, Weirdness & Mutations

You have a pair of horns on your head.
You reflexively headbutt those who attack you in melee.


Message History

The jackal barely misses you. You furiously retaliate!
You headbutt the jackal, but do no damage.
You hit the jackal. Your headbutt misses the jackal.
The jackal is severely wounded.
You hear a zap.
The roots erupt in riotous growth!
The jackal is unaffected.
The grasping roots grab you!
You are constricted.
The jackal bites you but does no damage.
You hear an angry hiss.
You miss the jackal. Your headbutt misses the jackal.
The jackal is severely wounded.
The jackal barely misses you. You furiously retaliate!
You headbutt the jackal!
You kill the jackal!
Trog accepts your kill. Something hits you but does no damage.
You are constricted.
You escape the roots grasp.
You hear some strange, mumbled words.
A puff of flame appears from out of thin air!
The puff of flame hits you!
Things that are here:
a jackal corpse; a jackal corpse You closely miss something.
Your headbutt misses something. Something hits you.
A red film seems to cover your vision as you go berserk!
You feel yourself moving faster!
You feel mighty! Something hits you but does no damage.
You closely miss something. You closely miss something. Something hits you.
You closely miss something. You barely miss something. You punch something!
Something hits you.
* * * LOW HITPOINT WARNING * * *
You miss something. You barely miss something.
You hear a zap.
The roots erupt in riotous growth!
The grasping roots grab you!
You are constricted!
* * * LOW HITPOINT WARNING * * *
You barely miss something. Something hits you!
You die... ...... ... ..... .. .... .. ... . ..#.
Sh#

#{# #@#
#.# #.##
#..#
##.##
#..# ##.#
.. #.# .#
#######.#
.#


You could see a jackal and a ball python.

Vanquished Creatures
  An adder (D:2)
  3 worms (D:2)
  4 endoplasms
  A giant cockroach (D:2)
  2 goblins
  3 hobgoblins
  8 jackals
  A quokka (D:1)
  A ball python (D:1)
  2 bats
  2 frilled lizards
  4 kobolds
  5 rats
37 creatures vanquished.

Notes
Turn   | Place    | Note
-------+----------+-------------------------------------------
     0 | D:1      | BlackCrag the Minotaur Berserker began the quest for the
                  | Orb.
     0 | D:1      | Reached XP level 1. HP: 19/19 MP: 0/0
   445 | D:1      | Found a faded altar of an unknown god.
   505 | D:1      | Reached XP level 2. HP: 21/27 MP: 1/1
  1123 | D:2      | Reached XP level 3. HP: 17/33 MP: 2/2
  1362 | D:2      | Reached ** piety under Trog
  1487 | D:2      | Found a stormy altar of Qazlal.
  1494 | D:2      | Identified the +1 robe of Bammuav {rF- Int+7}
  1652 | D:2      | Noticed Sigmund
  1671 | D:2      | Slain by Sigmund

Illustrated notes

Levels and vault maps discovered:
D:1:      roderic_dead_forest, layout_loops_corners,
          ebering_ecumenical_altar_sacrificial, grunt_decor_one_mirror
D:2:      layout_rooms, basic_altar, uniq_sigmund

Skill      XL: |  1  2 |
---------------+-------+-----
Fighting       | 4 |  4.3
Maces & Flails | 4 |  4.4
Armour         | |  2.9
Dodging        | |  2.6
Stealth        | |  0.6

Action                   || total
-------------------------++-------
Melee: Mace              ||   101
       Headbutt          ||    14
       Punch             ||     2
Throw: Boomerang         ||     5
Invok: Berserk           ||     1
  Use: Scroll            ||     1
Armor: Leather armour    ||    13
       Ring mail         ||    27
Dodge: Dodged            ||    37
